Goreval, neutral female gnomish Archeologist ----- --- -- --...---.-- .| -----.........--- .. ---...............--- .. ---...................| ---.- .................--....| |... --........-...---....| ---..-- |..............|....-- |.....| --...................--------....- |..<......^......................| ----...................-------.::----- ---- ------..........--.-- --...G....---..--- |...........-- -- |.-..............| -.---.......-- --- --............)...| |........-- |.---...........---.f-- |...(.....| |..>......---...|--.-| |........----........-- --.--|...| --.....).......--.---- --- |*.-- ------------.----- ---- --- Goreval the Field Worker Experience level: 3 Strength: 13 Dexterity: 10 Constitution: 16 Intelligence: 13 Wisdom: 16 Charisma: 7 Health: 0(26) Energy: 10(10) Def: 4 Gold: 126 Moves: 1735 Dungeon seed: ulmEWNqoTmkj5n4g Game ID: Goreval_1523345622 Your Inventory: Coins $ - 126 gold pieces Weapons a - a +2 bullwhip h - a +0 orcish dagger k - a cursed +0 dagger u - 9 cursed +0 darts v - a +0 glaive Armor e - an uncursed +0 leather jacket (being worn) n - an uncursed +0 fedora r - an uncursed +0 helmet (being worn) z - an uncursed +0 robe (being worn) Comestibles b - 5 uncursed food rations g - 2 uncursed tripe rations Scrolls i - 2 uncursed scrolls of earth j - 2 uncursed scrolls of identify A - an uncursed scroll of gold detection Potions t - a blessed potion of gain ability w - a blessed potion of object detection Rings x - an uncursed ring of searching (on left hand) Wands s - a wand of slow monster (0:5) Tools c - a +0 pick-axe (weapon in hand) d - a tinning kit (0:31) l - an uncursed sack o - an uncursed skeleton key Gems q - an uncursed touchstone y - an uncursed worthless piece of orange glass Spells and supernatural/magical abilities: Name Level Category Fail Memory W - pray for help -- divine ? -- Your skills at the end: Fighting Skills Weapon Skills pick-axe [Basic] whip [Basic] Spellcasting Skills Final Attributes: You were piously aligned. You had automatic searching. You had infravision. You were stealthy. You were fast. You are dead. Vanquished creatures: a water nymph 4 coyotes a hobbit a giant rat a red mold a gnome zombie a gecko 5 jackals 2 goblins 3 sewer rats 8 grid bugs 2 lichens 4 newts 34 creatures vanquished. Voluntary challenges: You were an atheist. You used a wielded weapon 46 times, starting on turn 4. You read items or engraved 1 time, starting on turn 1121. You never genocided any monsters. You never polymorphed an object. You never changed form. You used no wishes. You never split a pudding. You wrote Elbereth's name 1 time, starting on turn 1121. You never violated your personal moral code. Dungeon overview: The Dungeons of Doom: levels 1 to 4 Level 1 a fountain a long staircase Level 2 a general store Level 3 an armor shop stairs to The Gnomish Mines Level 4 The Gnomish Mines: Level 4 <- You were here stairs to The Dungeons of Doom History has recorded: On T:1 you entered the Dungeons of Doom to retrieve the Amulet of Yendor! On T:208 you reached level 2 of The Dungeons of Doom. On T:339 you advanced to experience level 2. On T:681 you reached level 3 of The Dungeons of Doom. On T:952 you advanced to experience level 3. On T:1044 you reached level 1 of The Gnomish Mines. On T:1141 you reached level 4 of The Dungeons of Doom. Score breakdown: Gold: 126 ( 7156 points) Experience: 3 levels ( 7878 points) Exploration: 4 levels ( 8.16%) ( 7500 points) Discoveries: 4 items ( 1.34%) ( 3475 points) Valuables value: (no points given unless you survive) Artifact value: 0 ( 0 points) Variety of kills: 13 monsters ( 3.41%) ( 5541 points) Turncount: 1735 turns ( 0 points) Survival: died (score multiplied by 80%) Total score: 25240 Latest messages: Hello Goreval, the gnomish Archeologist, welcome back to NetHack! Be careful! New moon tonight. There are a few objects here. A little dart shoots out at you! You are almost hit by a little dart. The newt bites! The newt just misses! You kill the newt! The newt just misses! The newt bites! (6x) You die... Final status: Goodbye Goreval the Archeologist, killed by a newt... You died in The Gnomish Mines on dungeon level 4 with 25240 points, and 126 pieces of gold, after 1735 moves. You were level 3 with a maximum of 26 hit points when you died.